cohdb
Replays
Latest Replays
All Replays
Popular Replays
Top Player Replays
Match Explorer
How It Works
Community
CoH3 Stats
Reddit
Sign in to upload your games and track your stats! →
Sign in with Steam
Match 47083696
Unlisted
Match 47083696
Overview
Messages
Build Orders
End
Royal Engineer Section
Construct Section Command Post
Selects Canadian Shock Battlegroup
Infantry Section
Grenade Package
Infantry Section
Infantry Section
Construct Platoon Command Post
Humber Armored Car
Humber Armored Car
Selects Incendiary Munitions
Selects Attacking Spirit
Infantry Section
Selects Canadian Shock Section
Selects Canadian Shock Section
Unlock M3 Stuart Light Tanks
Construct Field Infirmary
Selects Point Assault
M3 Stuart Light Tank
Infantry Section
Royal Engineer Section
Selects Pyrotechnics
Construct Company Command Post
6-pounder Anti-tank Gun Team
Unlock M3 Grant Medium Tanks
Infantry Section
Infantry Section
Selects Churchill Crocodile Heavy Tank
M3 Grant Medium Tank
Infantry Section
Matilda II Heavy Tank
Infantry Section
Canadian Shock Section
Leandritox
Be Frabjous
0
0
Comments
sign in to comment!
No comments posted yet!